 Dungeon Crawl Stone Soup version 0.23.0 (webtiles) character file.

Game seed: 10679974610128447488

207 Murks the Chopper (level 5, -3/41 HPs)
             Began as a Demonspawn Berserker on Feb 15, 2019.
             Was a Believer of Trog.
             Slain by a river rat (4 damage)
             ... on level 3 of the Dungeon.
             The game lasted 00:13:32 (3226 turns).

Murks the Chopper (Demonspawn Berserker)            Turns: 3226, Time: 00:13:33

Health: -3/41      AC:  9    Str: 18    XL:     5   Next: 54%
Magic:  5/5        EV: 10    Int:  8    God:    Trog [**....]
Gold:   181        SH:  0    Dex: 13    Spells: 4/4 levels left

rFire    . . .     SeeInvis .   o - -1 dagger (curse)
rCold    . . .     Gourm    .   (no shield)
rNeg     . . .     Faith    .   l - +0 scale mail
rPois    .         Spirit   .   (helmet restricted)
rElec    .         Reflect  .   d - +2 cloak
rCorr    .         Harm     .   (no gloves)
MR       .....                  (no boots)
Stlth    +.........             (no amulet)
HPRegen  0.13/turn              (no ring)
MPRegen  0.09/turn              (no ring)

@: no status effects
A: claws 1, horns 1, nightstalker 1
a: Berserk, Trog's Hand, Renounce Religion


You were on level 3 of the Dungeon.
You worshipped Trog.
Trog was pleased with you.
You were not hungry.

You visited 1 branch of the dungeon, and saw 3 of its levels.

You collected 181 gold pieces.

Inventory:

Hand Weapons
 a - a +0 hand axe
 o - a cursed -1 dagger (weapon)
Missiles
 j - 4 needles of confusion
 m - 143 stones (quivered)
Armour
 b - a +0 animal skin
 d - a +2 cloak (worn)
 f - a +1 helmet
 l - a +0 scale mail (worn)
Wands
 g - a wand of flame (23)
Scrolls
 h - a scroll of immolation
 k - a scroll of remove curse {unknown}
Potions
 e - 2 potions of agility {unknown}
 i - a potion of curing {unknown}
 n - 5 potions of flight
 p - a potion of lignification {unknown}
 q - a potion of berserk rage {unknown}
 s - 2 potions of heal wounds {unknown}
Comestibles
 c - 5 rations


   Skills:
 - Level 3.0 Fighting
 + Level 3.8 Short Blades
 - Level 4.0 Axes
 - Level 1.7 Armour
 - Level 1.7 Dodging


You had 4 spell levels left.
You didn't know any spells.
Your spell library was empty.

Dungeon Overview and Level Annotations

Branches:
Dungeon (3/15)

Altars:
Ashenzari


Innate Abilities, Weirdness & Mutations

You have sharp fingernails.
You have a pair of small horns on your head.
You are slightly more attuned to the shadows.


Message History

You hit the river rat but do no damage.
The river rat is almost dead.
The river rat closely misses you.
You hit the river rat but do no damage.
The river rat is almost dead.
The river rat bites you.
* * * LOW HITPOINT WARNING * * *
You hit the river rat. Your headbutt misses the river rat.
The river rat is almost dead.
You barely miss the river rat.
The river rat is almost dead.
The river rat bites you but does no damage.
You hit the river rat but do no damage.
The river rat is almost dead.
The river rat bites you.
* * * LOW HITPOINT WARNING * * *
You hit the river rat but do no damage.
The river rat is almost dead.
The river rat bites you.
You die...

#..############### #.#
#................# #.#
#.##############.#####.#
..# ##.##....# ###
#..##.#### #.###.# #.#
#.# #.###.# # #r@##.# #
##.##.# # #≈####
###############≈≈≈
.##...........#≈≈≈#
.....#######..##≈##
.##..# #.###≈#
###..#######.#
.............#


You could see a river rat.

Vanquished Creatures
  Ijyb (D:3)
  Natasha (D:3)
  A river rat (D:3)
  3 adders (D:3)
  A shadow imp (D:3)
  6 oozes
  4 worms (D:2)
  3 dart slugs
  3 leopard geckos
  3 orcs (D:3)
  8 bats
  3 giant cockroaches
  4 goblins
  4 hobgoblins
  5 jackals
  9 frilled lizards
  9 kobolds
  8 rats
76 creatures vanquished.

Notes
Turn   | Place    | Note
-------+----------+-------------------------------------------
     0 | D:1      | Murks the Demonspawn Berserker began the quest for the Orb.
     0 | D:1      | Reached XP level 1. HP: 18/18 MP: 1/1
    49 | D:1      | You fall through a shaft!
    93 | D:2      | Found a shattered altar of Ashenzari.
   138 | D:2      | Reached skill level 3 in Axes
   202 | D:1      | Gained mutation: You have sharp fingernails. [demonic
                  | ancestry]
   202 | D:1      | Reached XP level 2. HP: 9/24 MP: 2/2
   747 | D:1      | Gained mutation: You have a pair of small horns on your
                  | head. [demonic ancestry]
   747 | D:1      | Reached XP level 3. HP: 29/29 MP: 3/3
   770 | D:1      | Reached skill level 4 in Axes
  1327 | D:2      | Reached ** piety under Trog
  1327 | D:2      | Reached skill level 1 in Short Blades
  1620 | D:2      | Reached XP level 4. HP: 18/35 MP: 4/4
  2101 | D:3      | Noticed Ijyb
  2115 | D:3      | Killed Ijyb
  2478 | D:3      | Gained mutation: You are slightly more attuned to the
                  | shadows. [demonic ancestry]
  2478 | D:3      | Reached XP level 5. HP: 35/41 MP: 5/5
  2914 | D:3      | Noticed Natasha
  2927 | D:3      | Killed Natasha
  3225 | D:3      | HP: 1/41 [river rat (5)]
  3226 | D:3      | Slain by a river rat

Skill      XL: |  1  2  3  4 |
---------------+-------------+-----
Axes           | 3 4 |  4.0
Short Blades   | 1 3 |  3.8
Fighting       | |  3.0
Armour         | |  1.7
Dodging        | |  1.7

Action                   |  1- 3 |  4- 6 || total
-------------------------+-------+-------++-------
Melee: Hand axe          |    63 |       ||    63
       Dagger            |    95 |   219 ||   314
       Headbutt          |    25 |    29 ||    54
Throw: Stone             |    22 |    29 ||    51
Invok: Berserk           |     1 |     1 ||     2
       Trog's Hand       |       |     1 ||     1
  Use: Scroll            |     7 |       ||     7
 Stab: Sleeping          |     1 |       ||     1
  Eat: Chunk             |     3 |     7 ||    10
Armor: Animal skin       |     7 |       ||     7
       Scale mail        |    48 |   103 ||   151
Dodge: Dodged            |    84 |   112 ||   196
